 Dungeon Crawl Stone Soup version 0.30-a0-297-g0ec75d9ef4 (webtiles) character file.

Game seed: 3154631336961227664

211 KennySheep the Changer (level 5, -1/40 HPs)
             Began as a Demigod Transmuter on Oct 19, 2022.
             Slain by Natasha (2 damage)
             ... on level 4 of the Dungeon.
             The game lasted 00:14:31 (3071 turns).

KennySheep the Changer (Demigod Transmuter)         Turns: 3071, Time: 00:14:31

Health: -1/40      AC:  3    Str: 15    XL:     5   Next: 31%
Magic:  10/12      EV: 12    Int: 21    God:
Gold:   1650       SH:  0    Dex: 14    Spells: 4/10 levels left

rFire   . . .      SeeInvis .      - Unarmed
rCold   . . .      Faith    .    (no shield)
rNeg    . . .      Spirit   .    a - +0 robe
rPois   .          Reflect  .    (no helmet)
rElec   .          Harm     .    (no cloak)
rCorr   .          Rampage  +    (no gloves)
Will    .....                    f - +0 pair of boots {rampage}
Stlth   +.........               (no amulet)
HPRegen 0.26/turn                c - +6 ring of intelligence
MPRegen 0.13/turn                (no ring)

@: no status effects
A: high MP 1, forlorn, divine attributes
a: no special abilities


You were on level 4 of the Dungeon.
You visited 1 branch of the dungeon, and saw 4 of its levels.

You collected 1650 gold pieces.

Inventory:

Armour
 a - a +0 robe (worn)
 f - a +0 pair of boots of rampaging (worn)
Magical Staves
 h - a staff of cold
Jewellery
 c - a +6 ring of intelligence (left hand)
 l - a ring of ice
Scrolls
 i - a scroll of enchant armour {unknown}
 m - a scroll of vulnerability {unknown}
 n - a scroll of butterflies {unknown}
 r - a scroll of brand weapon {unknown}
Potions
 b - 2 potions of lignification
 d - a potion of flight
 e - a potion of attraction
 g - a potion of mutation {unknown}
 j - a potion of brilliance
 k - a potion of might
 o - 2 potions of heal wounds {unknown}
 p - 2 potions of curing {unknown}
 q - a potion of ambrosia {unknown}


   Skills:
 + Level 1.1 Fighting
 - Level 1.7 Dodging
 * Level 3.0 Unarmed Combat
 + Level 3.1 Spellcasting
 + Level 3.2 Transmutations
 + Level 2.3 Poison Magic


You had 4 spell levels left.
You knew the following spells:

 Your Spells              Type           Power      Damage    Failure   Level
a - Beastly Appendage     Tmut           32%        N/A       3%          1
b - Wereblood             Tmut           16%        N/A       5%          2
c - Spider Form           Tmut/Pois      15%        N/A       12%         3

Your spell library contained the following spells:

 Spells                   Type           Power      Damage    Failure   Level
 Magic Dart               Conj           12%        1d3       13%         1
 Call Imp                 Summ           3%         N/A       21%         2
 Mephitic Cloud           Conj/Pois/Air  6%         N/A       28%         3
 Ice Form                 Ice/Tmut       10%        N/A       56%         4


Dungeon Overview and Level Annotations

Branches:
Dungeon (4/15)
 Temple: D:4-7

Annotations:
D:3 Sigmund
D:4 Natasha


Innate Abilities, Weirdness & Mutations

You have an increased reservoir of magic. (+10% MP)
You shall have no god before yourself.
Your divine heritage dramatically boosts your attributes as you level up.


Message History

The shadow imp is moderately wounded.
Your transformation is almost over.
Natasha casts a spell.
The shadow imp closely misses you.
You hit the shadow imp.
The shadow imp is almost dead.
The shadow imp gestures at you. Pain shoots through your body!
You bite the shadow imp!
You kill the shadow imp!
The shadow imp disappears in a puff of smoke!
You hit Natasha but do no damage.
Natasha is poisoned.
Natasha barely misses you.
You barely miss Natasha.
Natasha is moderately wounded.
Natasha howls an incantation.
Natasha shimmers violently.
Natasha zaps a wand.
The puff of flame hits you!
* * * LOW HITPOINT WARNING * * *
You barely miss Natasha.
Natasha is moderately wounded.
Natasha closely misses you.
You hit Natasha.
Natasha looks as sick as possible!
Natasha is severely wounded.
Natasha claws you.
* * * LOW HITPOINT WARNING * * *
You hit Natasha but do no damage.
Natasha looks as sick as possible!
Natasha is severely wounded.
Natasha stares at you and mumbles some strange words.
The magic dart hits you.
* * * LOW HITPOINT WARNING * * *
The crimson imp blinks!
You hit Natasha but do no damage.
Natasha looks as sick as possible!
Natasha is almost dead.
Your transformation has ended.
Your +0 pair of boots of rampaging unmelds from your body.
Your +0 robe unmelds from your body.
You feel ready to rampage towards enemies.
Natasha claws you.
You die...

#.#).# .. ..#.##
##. .##.# #..
.##.# ######.#
.##.# ##......#
..#.## ###..####.#
.....###.........#
###......#######.#
# #.##...# #@#
#.###..# #h# #†#
##........g§# #<#
#)#.....#.... #.#
#.##...##......
#.# #.#####
#........ #.# #..
..##.[!.. ..# ..#
####. .## ...


You could see Natasha (extremely poisoned) and a goblin.

Vanquished Creatures
  Jessica (D:3)
  6 gnolls
  4 adders
  An ufetubus (D:4)
  3 worms
  An orc (D:3)
  7 ball pythons
  5 bats
  9 endoplasms
  2 giant cockroaches
  7 goblins
  6 hobgoblins
  9 jackals (D:2)
  4 kobolds
  2 quokkas (D:1)
  3 frilled lizards
  5 rats
75 creatures vanquished.

Notes
Turn   | Place    | Note
-------+----------+-------------------------------------------
     0 | D:1      | KennySheep the Demigod Transmuter began the quest for the
                  | Orb.
     0 | D:1      | Reached XP level 1. HP: 15/15 MP: 5/5
   193 | D:1      | Reached XP level 2. HP: 22/22 MP: 7/7
   202 | D:1      | Learned a level 2 spell: Wereblood
   382 | D:1      | Reached skill level 1 in Poison Magic
   559 | D:1      | Identified 2 scrolls of acquirement
   559 | D:1      | Acquired a +0 pair of boots of rampaging
   560 | D:1      | Acquired 959 gold pieces
   657 | D:2      | Reached XP level 3. HP: 14/27 MP: 7/9
  1012 | D:2      | Learned a level 3 spell: Spider Form
  1393 | D:2      | Reached XP level 4. HP: 29/34 MP: 8/10
  1970 | D:2      | Acquired 562 gold pieces
  2279 | D:3      | Identified the +0 cloak "Jawam" {-Tele rC+ Will+}
  2298 | D:3      | Noticed Jessica
  2313 | D:3      | Killed Jessica
  2314 | D:3      | Reached skill level 1 in Fighting
  2314 | D:3      | Reached XP level 5. HP: 29/40 MP: 9/12
  2841 | D:3      | Noticed Sigmund
  3053 | D:4      | Noticed Natasha
  3070 | D:4      | HP: 1/40 [Natasha/magic dart (6)]
  3071 | D:4      | Slain by Natasha

Illustrated notes

Levels and vault maps discovered:
D:1:      minmay_arrival_wavy_path, layout_rooms
D:2:      mumra_celtic_spiral_tile, layout_basic, basic_altar,
          basic_ecumenical_altar
D:3:      layout_rooms, mainiacjoe_overflow_tiny_flanked, grunt_ministairs_15,
          uniq_sigmund, uniq_jessica
D:4:      layout_rooms, mainiacjoe_overflow_alcove_4, serial_shops, shop,
          minmay_misc_feat_enclosed, uniq_natasha

Skill      XL: |  1  2  3  4  5 |
---------------+----------------+-----
Transmutations | 2 3 |  3.2
Spellcasting   | 2 3 |  3.1
Poison Magic   | 1 2 |  2.3
Fighting       | 1 |  1.1
Unarmed Combat | 3 |  3.0
Dodging        | |  1.7

Action                   |  1- 3 |  4- 6 || total
-------------------------+-------+-------++-------
Melee: Unarmed           |   117 |   144 ||   261
       Kick              |    14 |    19 ||    33
       Headbutt          |     9 |    10 ||    19
       Punch             |       |     3 ||     3
 Cast: Beastly Appendage |    19 |    15 ||    34
       Spider Form       |     1 |     3 ||     4
  Use: Potion            |     1 |     4 ||     5
       Scroll            |     2 |     1 ||     3
 Stab: Sleeping          |     1 |     4 ||     5
Armor: Robe              |    18 |    15 ||    33
       Skin              |     2 |     2 ||     4
Dodge: Dodged            |    87 |    87 ||   174

Table legend: (Time is in decaauts)
 A = Elapsed time spent in this place.
 B = Non-inter-level travel time spent in this place.
 C = Inter-level travel time spent in this place.
 D = Time resting spent in this place.
 E = Time spent auto-exploring this place.
 F = Levels seen in this place.
 G = Mean time per level.
                   A        B        C        D        E       F      G
               +--------+--------+--------+--------+--------+-----+--------+
         Total |   3055 |   2987 |     68 |    138 |   2287 |   4 |  763.8 |
       Dungeon |   3055 |   2987 |     68 |    138 |   2287 |   4 |  763.8 |
               +--------+--------+--------+--------+--------+-----+--------+

Top non-repeatable levels by time:
     D:2: 1553 daAuts
     D:3: 732 daAuts
     D:1: 578 daAuts
     D:4: 192 daAuts
